 Dungeon Crawl Stone Soup version 0.30.0-19-g36f170ea60 (webtiles) character file.

Game seed: 4200233668700632411

77 monsoonserge the Trooper (level 4, -3/37 HPs)
             Began as a Demonspawn Monk on May 26, 2023.
             Was a Believer of Nemelex Xobeh.
             Slain by a gnoll
             ... wielding a +0 halberd
              (6 damage)
             ... on level 3 of the Dungeon.
             The game lasted 00:04:31 (1895 turns).

monsoonserge the Trooper (Demonspawn Monk)          Turns: 1895, Time: 00:04:31

Health: -3/37      AC:  9    Str: 11    XL:     4   Next: 13%
Magic:  4/4        EV:  6    Int: 12    God:    Nemelex Xobeh [**....]
Gold:   115        SH:  0    Dex: 17    Spells: 3/3 levels left

rFire   . . .        h - +3 dagger
rCold   . . .        d - orb {light}
rNeg    . . .        j - +0 chain mail
rPois   .            (helmet restricted)
rElec   .            (no cloak)
rCorr   .            e - +0 pair of gloves
SInv    .            (no boots)
Will    .....        (no amulet) Stlth
                     (no ring)
HPRegen 0.26/turn    (no ring)
MPRegen 0.09/turn

%: no passive effects
@: glowing
A: horns 1
a: Renounce Religion, Draw Escape, Draw Destruction, Draw Summoning


You were on level 3 of the Dungeon.
You worshipped Nemelex Xobeh.
Nemelex Xobeh was pleased with you.
You visited 1 branch of the dungeon, and saw 3 of its levels.

You collected 115 gold pieces.

Inventory:

Hand Weapons
 a - a +0 falchion
 h - a +3 dagger (weapon)
Missiles
 n - 2 boomerangs (quivered)
 o - 3 poisoned darts
Armour
 b - a +0 robe
 d - an orb of light (worn)
 e - a +0 pair of gloves (worn)
 j - a +0 chain mail (worn)
Jewellery
 s - a +6 ring of strength
Wands
 r - a wand of flame (14)
Scrolls
 f - 2 scrolls of enchant weapon {unknown}
 g - a scroll of teleportation {unknown}
 i - a scroll of immolation {unknown}
 k - a scroll of magic mapping {unknown}
 l - a scroll of vulnerability {unknown}
 m - a scroll of amnesia {unknown}
Potions
 c - a potion of ambrosia
 p - a potion of berserk rage {unknown}
 q - a potion of degeneration {unknown}


   Skills:
 + Level 3.7 Fighting
 + Level 0.7(2.1) Short Blades
 + Level 3.1(3.2) Long Blades
 + Level 0.7 Armour
 + Level 3.2 Dodging
 * Level 0.4 Invocations


You had 3 spell levels left.
You didn't know any spells.
Your spell library contained the following spells:

 Spells                   Type           Power      Damage    Failure   Level
 Lesser Beckoning         Tloc           0%         N/A       100%        2
 Gell's Gravitas          Tloc           0%         N/A       100%        3
 Hailstorm                Conj/Ice       0%         3d3       100%        3
 Teleport Other           Tloc           0%         N/A       100%        3
 Ice Form                 Ice/Tmut       0%         N/A       100%        4
 Simulacrum               Ice/Necr       0%         N/A       100%        6


Dungeon Overview and Level Annotations

Branches:
Dungeon (3/15)

Altars:
Nemelex Xobeh


Innate Abilities, Weirdness & Mutations

You have a pair of small horns on your head.


Message History

Found a white marble altar of Elyvilon.
There is a white marble altar of Elyvilon here.
A gnoll comes into view. It is wielding a +0 spear.
You hit the bush but do no damage.
Something hits the bush.
A gnoll comes into view. It is wielding a +0 halberd.
The gnoll shouts!
A gnoll comes into view. It is wielding a +0 spear.
The gnoll shouts!
The gnoll hits you but does no damage.
You hit the gnoll.
The gnoll is moderately wounded.
The gnoll barely misses you.
The gnoll hits you but does no damage. x2; The gnoll completely misses you.
You hit the gnoll.
The gnoll is heavily wounded.
The gnoll barely misses you. The gnoll hits you with a +0 spear.
The gnoll hits you but does no damage.
You hit the gnoll.
You headbutt the gnoll, but do no damage.
The gnoll is almost dead.
The gnoll hits you but does no damage. The gnoll hits you with a +0 spear.
You hit the gnoll but do no damage. Your headbutt misses the gnoll.
The gnoll is almost dead.
The gnoll barely misses you. The gnoll hits you with a +0 halberd!
The gnoll hits you but does no damage.
You hit the gnoll.
You kill the gnoll!
The gnoll hits you with a +0 halberd!
* * * LOW HITPOINT WARNING * * *
You have reached level 4!
You feel clever.
Okay, then.
You draw a card...
You have drawn the Elements.
The gnoll hits you with a +0 spear.
* * * LOW HITPOINT WARNING * * *
The gnoll closely misses you.
You swap places.
The gnoll hits you but does no damage.
The gnoll hits you from afar with a +0 halberd.
You die...
Your body disappears without additional glow.

## ####### ..##.....##
..........## ...........##
##### ........≈~.P♣♣♣P.≈≈#
........~≈P..P...~~#
.......@..P♣♣.♣♣PP.#
.......lP.♣♣..P♣♣.P# .#
....v.gg♣h♣....P♣.♣
.#..#............♣P..._...P♣
...........#.....♣.♣P...P♣.♣#
...............#.P.♣♣P..♣♣.P##
.#..#..#.#.....##.P.♣♣.♣♣.P..#
.........##.#####~~P..P...~~.#
.##..............≈~.P♣♣♣..~≈.#


You could see 2 gnolls, a friendly raiju (summoned), a friendly basilisk
(summoned) and a friendly fire vortex (summoned).

Vanquished Creatures
  2 gnolls (D:3)
  An adder (D:2)
  5 dart slugs
  3 ball pythons
  7 endoplasms
  A giant cockroach (D:2)
  A goblin (D:1)
  4 hobgoblins
  2 jackals (D:3)
  5 kobolds
  A quokka (D:3)
  2 bats
  A frilled lizard (D:2)
  2 rats (D:3)
37 creatures vanquished.

Notes
Turn   | Place    | Note
-------+----------+-------------------------------------------
     0 | D:1      | monsoonserge the Demonspawn Monk began the quest for the
                  | Orb.
     0 | D:1      | Reached XP level 1. HP: 18/18 MP: 1/1
   588 | D:1      | Gained mutation: You have a pair of small horns on your
                  | head. [demonic ancestry]
   588 | D:1      | Reached XP level 2. HP: 18/24 MP: 2/2
  1229 | D:2      | Reached XP level 3. HP: 25/29 MP: 3/3
  1771 | D:3      | Found a faded altar of an unknown god.
  1790 | D:3      | Prayed at the altar of an unknown god.
  1790 | D:3      | Became a worshipper of Nemelex Xobeh the Trickster
  1790 | D:3      | Reached * piety under Nemelex Xobeh
  1790 | D:3      | Received a gift from Nemelex Xobeh
  1790 | D:3      | Reached ** piety under Nemelex Xobeh
  1790 | D:3      | Received a gift from Nemelex Xobeh
  1894 | D:3      | Reached XP level 4. HP: 6/37 MP: 4/4
  1895 | D:3      | Slain by a gnoll

Illustrated notes

Levels and vault maps discovered:
D:1:      dpeg_arrival_tiny_j, layout_loops_corners, serial_bayou,
          serial_bayou_pond_d, serial_bayou_pond_a, serial_bayou_shore_b,
          serial_bayou_shore_a, serial_bayou_shore_b, serial_bayou_lake_a,
          minivault_24
D:2:      layout_basic
D:3:      layout_rooms, nicolae_overflow_hidden_temple,
          nicolae_elyvilon_peaceful_grove, ebering_ecumenical_altar_mist

Skill      XL: |  1  2 |
---------------+-------+-----
Long Blades    | 3 |  3.1
Dodging        | 3 |  3.2
Fighting       | |  3.7
Short Blades   | |  0.7
Armour         | |  0.7
Invocations    | |  0.4

Action                     |  1- 3 |  4- 6 || total
---------------------------+-------+-------++-------
  Melee: Falchion          |    13 |       ||    13
         Dagger            |    78 |       ||    78
         Headbutt          |    19 |       ||    19
 Invoke: Draw Summoning    |       |     1 ||     1
 Armour: Robe              |     3 |       ||     3
         Chain mail        |    34 |     1 ||    35
  Dodge: Dodged            |    38 |     1 ||    39
